 Dungeon Crawl Stone Soup version 0.30.1-11-g7821555f0a (webtiles) character file.

Game seed: 4102101096991751241

3173 Pjbond the Cudgeller (level 9, -8/71 (88) HPs)
             Began as a Troll Gladiator on Nov 20, 2023.
             Was an Elder of Okawaru.
             Mangled by a wight
             ... wielding a +0 great sword
              (17 damage)
             ... on level 7 of the Dungeon on Nov 21, 2023.
             The game lasted 00:49:17 (6319 turns).

Pjbond the Cudgeller (Troll Gladiator)              Turns: 6319, Time: 00:49:18

HP:   -8/71 (88)    AC:  5    Str: 28    XL:     9   Next: 63%
MP:   8/8           EV: 11    Int:  4    God:    Okawaru [****..]
Gold: 289           SH:  0    Dex: 11    Spells: 8/8 levels left

rFire   . . .        K - +2 whip (elec)
rCold   . . .        (no shield)
rNeg    . . .        b - +0 robe
rPois   .            c - +0 hat
rElec   .            G - +0 cloak
rCorr   .            (gloves unavailable)
SInv    +            (boots unavailable)
Will    .....        (no amulet)
Stlth   ++           x - ring of see invisible
HPRegen 1.11/turn    (no ring)
MPRegen 0.11/turn

%: no passive effects
@: flying, heavily drained
A: large, unfitting armour, claws 3, regeneration 1, shaggy fur 1, tough skin 1
a: Renounce Religion, Heroism, Finesse


You were on level 7 of the Dungeon.
You worshipped Okawaru.
Okawaru was greatly pleased with you.
You visited 2 branches of the dungeon, and saw 8 of its levels.

You collected 388 gold pieces.
You spent 99 gold pieces at shops.

Inventory:

Hand Weapons
 a - a +0 trident
 g - a +0 dagger
 j - a +1 flail
 s - a +0 spectral whip
 v - a +0 shortbow of flaming
 K - a +2 whip of electrocution (weapon)
 M - a +0 short sword of venom
Missiles
 d - 3 throwing nets (quivered)
 e - 3 large rocks
Armour
 b - a +0 robe (worn)
 c - a +0 hat (worn)
 n - a +0 helmet
 o - a +0 ring mail
 G - a +0 cloak (worn)
Jewellery
 x - a ring of see invisible (left claw)
 D - a ring of ice
Wands
 u - a wand of polymorph (4)
Scrolls
 f - a scroll of butterflies
 h - 2 scrolls of noise {unknown}
 l - a scroll of brand weapon {unknown}
 p - 2 scrolls of enchant weapon {unknown}
 q - 3 scrolls of teleportation
 t - a scroll of torment {unknown}
 y - a scroll of amnesia {unknown}
 A - a scroll of magic mapping {unknown}
 B - a scroll of fog {unknown}
 E - a scroll of identify
 J - a scroll of vulnerability {unknown}
 L - a scroll of immolation {unknown}
Potions
 k - 2 potions of flight
 r - a potion of invisibility {unknown}
 w - a potion of attraction {unknown}
 z - 3 potions of heal wounds {unknown}
 C - a potion of lignification {unknown}
 F - a potion of mutation {unknown}
 H - a potion of magic {unknown}
 I - 2 potions of resistance {unknown}


   Skills:
 + Level 5.2 Fighting
 + Level 7.1 Maces & Flails
 + Level 4.1 Polearms
 + Level 2.2 Throwing
 + Level 5.9 Dodging
 + Level 2.7 Stealth
 + Level 0.7 Evocations


You had 8 spell levels left.
You didn't know any spells.
Your spell library contained the following spells:

 Spells                   Type           Power      Damage    Failure   Level
 Apportation              Tloc           0%         N/A       50%         1
 Necrotise                Necr           0%         1d4       50%         1
 Summon Small Mammal      Summ           Unusable   N/A       N/A         1

Dungeon Overview and Level Annotations

Branches:
Dungeon (7/15)             Temple (1/1) D:4

Altars:
Dithmenos
Gozag
Kikubaaqudgha
Makhleb
Nemelex Xobeh
Okawaru
Qazlal
Ru
Trog
Vehumet
Wu Jian
Xom
Yredelemnul
Zin
The Shining One

Shops:
D:4 !


Innate Abilities, Weirdness & Mutations

You are too large for most types of armour.
You have claws for hands.
Your natural rate of healing is unusually fast.
You are covered in fur. (AC +1)
You have tough skin. (AC +1)


Message History

You feel very sick.
The kobold throws a poisoned dart.
The poisoned dart hits you!
You are more poisoned.
The wight hits you from afar with a +3 spear!
You feel drained.
You feel very sick.
The kobold throws a poisoned dart.
The poisoned dart barely misses you.
You feel very sick.
You feel sick.
You feel sick.
You feel better. The wight closely misses you.
You hit the wight.
The wight is lightly damaged.
The wight hits you with a +3 spear!
The wight hits you with a +0 great sword!
You hit the wight.
The wight is moderately damaged.
The wight hits you with a +3 spear!
* * * LOW HITPOINT WARNING * * *
You feel drained.
* * * LOW HITPOINT WARNING * * *
The wight barely misses you.
The wight hits you from afar with a +3 spear.
* * * LOW HITPOINT WARNING * * *
You barely miss the wight. The wight hits you but does no damage.
The wight hits you with a +0 great sword.
* * * LOW HITPOINT WARNING * * *
You hit the wight but do no damage. You hit the wight.
The wight is lightly damaged.
The wight hits you from afar with a +3 spear.
* * * LOW HITPOINT WARNING * * *
You feel drained.
* * * LOW HITPOINT WARNING * * *
The wight barely misses you.
It was a potion of flight.
You feel very buoyant.
You fly up into the air.
The wight barely misses you.
The wight hits you with a +0 great sword!
You die...

########### #zz@.......
#K############ #.#
#.........
#K###.#########.
#K#.............
#####.#.#.##############
######K†...#.#.#
#........#
#...z........#.#
#.#.###.##
.....K.......>#.#
#.#...#.#


You could see 2 wights and a kobold.

Vanquished Creatures
  Pikel (D:6)
  The ghost of fitz the Trooper, an amateur HOFi (D:5)
  Grinder (D:6)
  A golden eye (D:4)
  Pargi (D:4)
  A sky beast (D:4)
  A black bear (D:7)
  An orc warrior (D:6)
  2 ice beasts (D:5)
  2 centaurs
  2 phantoms
  A kobold brigand (D:6)
  A bullfrog (D:7)
  4 scorpions
  A wyvern skeleton (D:5)
  5 wights (D:7)
  A bullfrog zombie (D:5)
  3 hounds
  2 orc priests
  A gnoll bouda (D:5)
  2 jellies (D:6)
  2 sleepcaps
  2 iguanas
  Natasha (D:3)
  2 orc wizards (D:4)
  13 adders
  3 gnolls (D:5)
  A shadow imp (D:7)
  An ufetubus (D:5)
  5 worms
  2 dart slugs (D:3)
  17 orcs
  4 endoplasms
  2 giant cockroaches
  6 goblins
  3 hobgoblins
  3 quokkas
  6 ball pythons
  4 bats
  A frilled lizard (D:3)
  6 kobolds
  4 rats
123 creatures vanquished.

Notes
Turn   | Place    | Note
-------+----------+-------------------------------------------
     0 | D:1      | Pjbond the Troll Gladiator began the quest for the Orb.
     0 | D:1      | Reached XP level 1. HP: 19/19 MP: 0/0
   419 | D:1      | Reached XP level 2. HP: 27/27 MP: 1/1
  1082 | D:2      | Reached XP level 3. HP: 24/35 MP: 2/2
  1532 | D:2      | Reached XP level 4. HP: 33/42 MP: 3/3
  1676 | D:3      | Found an iron altar of Okawaru.
  1721 | D:3      | Became a worshipper of Warmaster Okawaru
  1767 | D:3      | Noticed a centaur
  1777 | D:3      | Killed a centaur
  1778 | D:3      | Reached XP level 5. HP: 35/49 MP: 4/4
  1905 | D:3      | Found a bloodstained altar of Trog.
  2090 | D:3      | Found a glowing golden altar of the Shining One.
  2120 | D:3      | Noticed Natasha
  2145 | D:3      | Killed Natasha
  2146 | D:3      | Reached skill level 1 in Maces & Flails
  2307 | D:4      | Reached * piety under Okawaru
  2375 | D:4      | Found a staircase to the Ecumenical Temple.
  2399 | D:4      | Noticed an ogre
  2401 | D:4      | an ogre changed into an acid dragon
  2401 | D:4      | Noticed an acid dragon
  2402 | D:4      | an acid dragon changed into a golden eye
  2402 | D:4      | Noticed a golden eye
  2429 | D:4      | Noticed a sky beast
  2701 | D:4      | Killed a sky beast
  2702 | D:4      | Reached XP level 6. HP: 16/59 MP: 5/5
  2870 | D:4      | Killed a golden eye
  2871 | D:4      | Reached skill level 2 in Maces & Flails
  2909 | D:4      | Found Qutsi's Distillery.
  2918 | D:4      | Bought a potion of curing for 33 gold pieces
  2918 | D:4      | Bought a potion of curing for 33 gold pieces
  2918 | D:4      | Bought a potion of curing for 33 gold pieces
  2953 | D:4      | Reached ** piety under Okawaru
  2954 | D:4      | Reached XP level 7. HP: 64/66 MP: 6/6
  3124 | D:4      | Noticed Pargi
  3145 | D:4      | Killed Pargi
  3146 | D:4      | Reached skill level 3 in Maces & Flails
  3211 | D:4      | Reached skill level 1 in Stealth
  3318 | Temple   | Entered the Ecumenical Temple
  3379 | D:5      | Entered Level 5 of the Dungeon
  3379 | D:5      | Found a runed translucent gate.
  3379 | D:5      | Found a runed translucent gate.
  3379 | D:5      | Found a runed translucent gate.
  3398 | D:5      | Noticed fitz's ghost (amateur HOFi)
  3554 | D:5      | Reached skill level 4 in Maces & Flails
  3664 | D:5      | Reached XP level 8. HP: 16/75 MP: 7/7
  3766 | D:5      | Reached *** piety under Okawaru
  3881 | D:5      | Reached skill level 5 in Dodging
  4029 | D:5      | Found a burning altar of Makhleb.
  4456 | D:5      | Killed fitz's ghost
  4457 | D:5      | Reached skill level 5 in Maces & Flails
  5184 | D:6      | Found an opulent altar of Gozag.
  5325 | D:6      | Noticed Pikel
  5342 | D:6      | Reached XP level 9. HP: 68/85 MP: 8/8
  5355 | D:6      | Killed Pikel
  5355 | D:6      | Reached **** piety under Okawaru
  5356 | D:6      | Reached skill level 6 in Maces & Flails
  5373 | D:6      | Found a sacrificial altar of Ru.
  5373 | D:6      | Found a glowing silver altar of Zin.
  5394 | D:6      | Noticed Grinder
  5398 | D:6      | Paralysed by Grinder for 4 turns
  5416 | D:6      | Paralysed by Grinder for 5 turns
  5422 | D:6      | Killed Grinder
  5422 | D:6      | Received a gift from Okawaru
  5908 | D:7      | Reached skill level 5 in Fighting
  6247 | D:7      | Reached skill level 7 in Maces & Flails
  6319 | D:7      | Mangled by a wight

Illustrated notes

Levels and vault maps discovered:
D:1:      dpeg_arrival_short_road, layout_loops_ring, serial_forest,
          infiniplex_forest_lined_corner, infiniplex_forest_end_2,
          infiniplex_forest_lined_room_, infiniplex_forest_lined_corner,
          infiniplex_forest_straight_1, infiniplex_forest_straight_4,
          infiniplex_forest_lined_corner, infiniplex_forest_end_2,
          chequers_serial_rivers_room_b, serial_park_tiny_2,
          minmay_shallow_snake_nest
D:2:      layout_loops_cross
D:3:      layout_rooms, trog_book, nicolae_tso_carved_into_rock,
          hellmonk_okawaru_the_only_friend_you_need, uniq_natasha
D:4:      layout_cave_pools, minmay_temple_entry_overgrown, serial_shops,
          nicolae_shop_industrial_runoff, minmay_cupped, uniq_pargi
D:5:      layout_loops_ring, lightli_temple_of_fire, gammafunk_ghost_necromancy
D:6:      layout_layer_cave, lemuel_coloured_pillars_altar,
          nicolae_overflow_two_pavilions, uniq_grinder, uniq_pikel
D:7:      layout_basic, kennysheep_mini, enter_bailey_4,
          nicolae_ossuary_entry_giza, uniq_duvessa
Temple:   hellmonk_temple_of_storms

Skill      XL: |  1  2  3  4  5  6  7  8  9 |
---------------+----------------------------+-----
Throwing       | 2 |  2.2
Dodging        | 3 4 5 |  5.9
Polearms       | 3 4 |  4.1
Fighting       | 2 3 4 5 |  5.2
Maces & Flails | 1 2 4 5 7 |  7.1
Stealth        | 1 2 |  2.7
Evocations     | |  0.7

Action                     |  1- 3 |  4- 6 |  7- 9 || total
---------------------------+-------+-------+-------++-------
  Melee: Trident           |    94 |    15 |       ||   109
         Punch             |     2 |       |     9 ||    11
         Whip              |       |   147 |   362 ||   509
  Throw: Large rock        |       |     1 |       ||     1
         Throwing net      |       |     1 |       ||     1
  Evoke: Wand              |       |     4 |       ||     4
    Use: Scroll            |       |     5 |       ||     5
         Potion            |       |     4 |     8 ||    12
   Stab: Sleeping          |     1 |     1 |     6 ||     8
         Distracted        |       |     1 |     5 ||     6
 Armour: Robe              |    19 |    38 |    75 ||   132
  Dodge: Dodged            |    44 |    86 |   204 ||   334
